 Dungeon Crawl Stone Soup version 0.27-a0-1147-gb3d8e82157 (webtiles) character file.

Game seed: 1402619151655381432

83602 freelancePsychic the Grappler (level 15, 0/149 HPs)
             Began as a Troll Hunter on May 11, 2021.
             Was an Initiate of Gozag.
             Slain by a tentacled starspawn (5 damage)
             ... on level 4 of the Abyss.
             The game lasted 01:14:27 (24436 turns).

freelancePsychic the Grappler (Troll Hunter)       Turns: 24436, Time: 01:14:29

Health: 0/149      AC: 12    Str: 22    XL:     15   Next: 32%
Magic:  0/11       EV: 11    Int:  5    God:    Gozag
Gold:   1896       SH: 11    Dex:  7    Spells: 14/14 levels left

rFire    . . .     SeeInvis .     - Unarmed
rCold    . . .     Faith    .   t - +1 kite shield {AC+3}
rNeg     . . .     Spirit   +   b - +0 robe
rPois    +         Reflect  .   z - +2 hat
rElec    .         Harm     .   n - +2 cloak {Will+}
rCorr    .         Rampage  .   (gloves unavailable)
Will     ++...     Rnd*Rage +   (boots unavailable)
Stlth    +.........             o - amulet of guardian spirit
HPRegen  0.00/turn              I - ring of poison resistance
MPRegen  0.12/turn              (no ring)

@: gold aura, badly diseased, hasted, very quick
A: large, unfitting armour, claws 3, regeneration 1, shaggy fur 1, tough skin 1,
subdued magic 1, [berserk 1], [clumsy 2], [dopey 2], [low mp 2], [weak 2]
a: Renounce Religion, Potion Petition, Call Merchant, Bribe Branch


You were on level 4 of the Abyss.
You worshipped Gozag.
Gozag was most pleased with you.
You visited 3 branches of the dungeon, and saw 22 of its levels.
You visited the Abyss 1 time.
You also visited: Volcano.

You collected 6978 gold pieces.
You spent 561 gold pieces at shops.
You paid 4521 gold pieces to Gozag.

Inventory:

Missiles
 d - 7 javelins
 q - 5 boomerangs of dispersal
 B - 33 poisoned darts
 P - 2 large rocks (quivered)
 T - 5 curare-tipped darts
 U - 3 silver javelins
Armour
 b - a +0 robe (worn)
 n - a +2 cloak of willpower (worn)
 t - a +1 kite shield of protection (worn)
 z - a +2 hat (worn)
Jewellery
 i - a ring of wizardry
 o - an amulet of guardian spirit (around neck)
 y - an amulet of reflection
 I - a ring of poison resistance (left claw)
 S - the ring "Joolauf" {Wiz Drain rElec rCorr Str-2}
   (You found it on level 12 of the Dungeon)

   [ring of wizardry]

   It improves your spell success rate.
   It affects your strength (-2).
   It insulates you from electricity.
   It protects you from acid and corrosion.
   It drains your maximum health when unequipped.
Wands
 v - a wand of flame (81)
 A - a wand of iceblast (15)
 E - a wand of digging (2)
 K - a wand of paralysis (13)
 L - a wand of polymorph (4)
Scrolls
 c - a scroll of immolation
 g - 5 scrolls of magic mapping
 h - 3 scrolls of teleportation {@r4}
 j - 5 scrolls of enchant weapon
 k - 2 scrolls of fog
 p - 4 scrolls of amnesia
 r - 2 scrolls of vulnerability
 C - a scroll of enchant armour
 G - a scroll of holy word
 O - 4 scrolls of fear
 Q - 3 scrolls of identify {@r1}
Potions
 a - 3 potions of heal wounds {@q2}
 e - 2 potions of invisibility {unknown}
 f - 2 potions of berserk rage {unknown}
 l - 5 potions of curing {@q1}
 m - 4 potions of attraction {unknown}
 s - 5 potions of mutation
 u - 5 potions of degeneration
 x - 2 potions of lignification
 D - 2 potions of brilliance {unknown}
 H - 4 potions of might
 J - 2 potions of resistance
 M - a potion of ambrosia
 R - 2 potions of magic {unknown}
Miscellaneous
 F - a box of beasts


   Skills:
 - Level 10.0 Fighting
 - Level 9.7 Throwing
 - Level 10.0 Dodging
 - Level 0.3 Stealth
 - Level 9.0 Shields
 + Level 14.6 Unarmed Combat
 + Level 5.0 Transmutations
 - Level 5.6 Earth Magic


You had 14 spell levels left.
You didn't know any spells.
Your spell library contained the following spells:

 Spells                   Type           Power      Damage    Failure   Level
 Animate Skeleton         Necr           0%         N/A       43%         1
 Apportation              Tloc           0%         N/A       43%         1
 Corona                   Hex            0%         N/A       43%         1
 Pain                     Necr           0%         1d4       43%         1
 Summon Small Mammal      Summ           0%         N/A       43%         1
 Petrify                  Tmut/Erth      4%         N/A       47%         4
 Slow                     Hex            0%         N/A       58%         2
 Confusing Touch          Hex            0%         N/A       82%         3
 Gell's Gravitas          Tloc           0%         N/A       82%         3
 Inner Flame              Hex/Fire       0%         N/A       82%         3
 Portal Projectile        Hex/Tloc       0%         N/A       82%         3
 Vampiric Draining        Necr           0%         2d6       82%         3
 Leda's Liquefaction      Hex/Erth       1%         N/A       83%         4
 Animate Dead             Necr           0%         N/A       99%         4
 Cause Fear               Hex            0%         N/A       99%         4
 Yara's Violent Unravell  Hex/Tmut       0%         3d3       99%         5
 Agony                    Necr           0%         N/A       100%        5
 Bolt of Magma            Conj/Fire/Erth 0%         4d4       100%        5
 Iskenderun's Battlesphe  Conj           0%         2d6       100%        5
 Metabolic Englaciation   Hex/Ice        0%         N/A       100%        5
 Iron Shot                Conj/Erth      1%         9d1       100%        6
 Orb of Destruction       Conj           0%         N/A       100%        7
 Spellforged Servitor     Conj/Summ      0%         N/A       100%        7


Dungeon Overview and Level Annotations

Branches:
Dungeon (14/15)            Temple (0/1) D:7            Lair (6/6) D:8
 Shoals (0/4) Lair:3        Snake (0/4) Lair:2        Slime (0/5) Lair:5
    Orc (2/2) D:10            Elf (0/3) Orc:2        Vaults (0/5) D:13
Volcano (visited)

Altars:
Ashenzari
Fedhas
Gozag
Sif Muna
Uskayaw
Beogh

Shops:
D:2 [   D:5 (   D:8 *?[[   D:10 =*   Orc:2 *=(*[[   Lair:2 :   Lair:6 [

Annotations:
D:14 Louise
Lair:1 exclusion: oklob plant
Lair:5 Rupert


Innate Abilities, Weirdness & Mutations

You are too large for most types of armour.
You have claws for hands.
Your natural rate of healing is unusually fast.
You are covered in fur. (AC +1)
You have tough skin. (AC +1)
Your spells are a little easier to cast, but a little less powerful.
[You tend to lose your temper in combat.]
[You are very clumsy. (Dex -4)]
[You are very dopey. (Int -4)]
[Your magical capacity is very low. (-20% MP)]
[You are very weak. (Str -4)]


Message History

The raiju is heavily wounded.
The thrashing horror roars!
You block the thrashing horror's attack.
The thrashing horror tramples you.
You hold your ground!
The ynoxinul gestures.
You block the raiju's attack.
You mangle the raiju!!
You kill the raiju!
You feel ill.
The demonic crawler hits you but does no damage.
You block the demonic crawler's attack. x2
The ynoxinul gestures.
A spatial vortex comes into view.
You see here 7 gold pieces.
You mangle the demonic crawler!!
The demonic crawler is heavily wounded.
You block the ufetubus's attack.
The ufetubus hits you but does no damage.
The demonic crawler closely misses you. You block the demonic crawler's attack.
The demonic crawler hits you.
You scratch the demonic crawler but do no damage.
The demonic crawler is heavily wounded.
The spatial maelstrom hits you!
* * * LOW HITPOINT WARNING * * *
Space warps horribly around you!!
* * * LOW HITPOINT WARNING * * *
The spatial maelstrom hits you!
* * * LOW HITPOINT WARNING * * *
You blink.
Tentacles burst from the starspawn's body!
A small abomination comes into view. 2 starspawn tentacles come into view.
You scratch the starspawn tentacle but do no damage.
You block the raiju's attack.
You claw the starspawn tentacle!
The starspawn tentacle is severely damaged.
You block the great orb of eyes's attack.
The tentacled starspawn bites you.
You die...
Your body crumbles into a pile of gold.

#### ### . # #$# #..###.#
#4#
..5.5#####4...Xv#######§##.
.5.5.5s55xhXD.#.# ...#. §..
#.35#5§##vhG5X##.#.#.. .. #
##. #@#.x.# .#vX. ≈#.
.#.vwXw##X..D .D. ≈..#
#......v# #... #.. ...#
#..#...##..##X..# #.... #..
#...# #.#......#. . ..
##.#.# ...#.#.#.§ # . .x.#
#h.#..#.### .. X##4 .... ..
.##! #


You could see a bone dragon, a tentacled starspawn, a spatial maelstrom, a great
orb of eyes, 3 spatial vortices, an ancient zyme, a thrashing horror, 2 large
abominations, 2 raiju, a chaos spawn, a small abomination, 2 starspawn tentacles
and 3 ufetubi.

Vanquished Creatures
  A fire giant (D:13)
  An orc warlord (Orc:1)
  A fire dragon (D:13)
  A great orb of eyes (D:13)
  5 hydras
  4 boulder beetles
  A catoblepas (Lair:6)
  A centaur warrior (D:14)
  5 death yaks (Lair:6)
  6 two-headed ogres
  A deep troll shaman (Lair:6)
  3 orc high priests (Orc:2)
  A thrashing horror (Abyss:3)
  Sonja (D:13)
  An iron troll (D:13)
  A wretched star (Abyss:3)
  A wizard (D:13)
  2 lindwurms
  A deep elf pyromancer (D:12)
  7 orc sorcerers
  3 orc knights (Orc:1)
  A faun (shapeshifter) (D:13)
  10 ugly things
  A manticore (D:13)
  A salamander (Volcano)
  3 cyclopes
  A rust devil (Abyss:3)
  Joseph (D:8)
  19 elephants
  Maurice (D:9)
  8 black mambas
  2 gargoyles
  15 cane toads
  13 komodo dragons
  A komodo dragon (shapeshifter) (Abyss:3)
  A rime drake (Lair:5)
  An efreet (D:14)
  A freezing wraith (D:14)
  An ancient zyme (Abyss:3)
  A queen bee (shapeshifter) (D:13)
  3 polar bears
  3 trolls
  A merfolk (shapeshifter) (D:13)
  A raiju (Abyss:4)
  6 slime creatures
  7 blink frogs (Lair:6)
  5 dream sheep
  3 shadows
  A vampire (D:12)
  44 yaks
  Sigmund (D:2)
  4 wraiths
  6 wyverns
  A ynoxinul (Abyss:3)
  A fire bat (Volcano)
  A golden eye (shapeshifter) (D:13)
  4 basilisks
  A steam dragon (D:4)
  2 acid dragons
  10 vampire mosquitoes
  2 wargs (Orc:2)
  2 hell hounds (Volcano)
  16 water moccasins
  A sky beast (D:5)
  4 black bears
  A necrophage (D:5)
  28 orc warriors
  8 ogres
  13 wolves
  14 centaurs
  3 phantoms
  A kobold brigand (D:11)
  16 bullfrogs
  5 scorpions
  A gnoll sergeant (D:7)
  Blork the orc (D:5)
  A wyvern zombie (D:8)
  16 killer bees
  8 wights
  A howler monkey (D:8)
  2 electric eels (D:10)
  2 crimson imps (Abyss:3)
  7 centaur zombies
  2 hounds (D:7)
  A jelly (Lair:5)
  A centaur skeleton (D:6)
  28 orc priests
  A gnoll shaman (D:6)
  A bullfrog skeleton (D:6)
  A scorpion zombie (D:5)
  Terence (D:3)
  Jessica (D:2)
  6 hell rats (Lair:6)
  3 iguanas
  19 orc wizards
  A killer bee zombie (D:7)
  A hound zombie (D:5)
  A howler monkey zombie (D:10)
  5 adders
  9 gnolls
  7 white imps
  An ufetubus (D:5)
  An adder skeleton (D:4)
  5 dart slugs
  64 orcs
  9 ball pythons
  6 endoplasms
  3 giant cockroaches
  8 goblins
  A hobgoblin (D:1)
  7 jackals
  4 quokkas
  4 bats
  3 frilled lizards
  12 kobolds
  4 rats
609 creatures vanquished.

Vanquished Creatures (others)
  An orc (Orc:2)
  27 fungi
  123 plants
  9 toadstools (Lair:1)
160 creatures vanquished.

Grand Total: 769 creatures vanquished

Notes
Turn   | Place    | Note
-------+----------+-------------------------------------------
     0 | D:1      | freelancePsychic the Troll Hunter began the quest for the
                  | Orb.
     0 | D:1      | Reached XP level 1. HP: 19/19 MP: 0/0
    85 | D:1      | Reached skill level 1 in Unarmed Combat
   212 | D:1      | Reached XP level 2. HP: 28/28 MP: 1/1
   257 | D:1      | Found a faded altar of an unknown god.
   800 | D:2      | Noticed Sigmund
   803 | D:2      | Killed Sigmund
   804 | D:2      | Reached skill level 4 in Unarmed Combat
   804 | D:2      | Reached XP level 3. HP: 22/36 MP: 2/2
   804 | D:2      | Reached XP level 4. HP: 27/44 MP: 3/3
   804 | D:2      | Reached XP level 5. HP: 32/52 MP: 4/4
  1025 | D:2      | Found Esineik's Antique Armour Shoppe.
  1201 | D:2      | Noticed Jessica
  1205 | D:2      | Killed Jessica
  1851 | D:3      | Reached XP level 6. HP: 22/61 MP: 5/5
  1978 | D:3      | Noticed Terence
  1990 | D:3      | Killed Terence
  1991 | D:3      | Reached skill level 5 in Unarmed Combat
  2167 | D:3      | Found a hide-covered altar of Uskayaw.
  2168 | D:3      | Found a broken altar of Ashenzari.
  2170 | D:3      | Found an opulent altar of Gozag.
  2179 | D:3      | Became a worshipper of Gozag Ym Sagoz the Greedy
  2765 | D:4      | Noticed a steam dragon
  2809 | D:4      | Killed a steam dragon
  2810 | D:4      | Reached skill level 6 in Unarmed Combat
  2810 | D:4      | Reached XP level 7. HP: 14/68 MP: 6/6
  3085 | D:5      | Entered Level 5 of the Dungeon
  3089 | D:5      | Noticed Blork the orc
  3098 | D:5      | Killed Blork the orc
  3149 | D:5      | Found Ezethe's Weapon Shop.
  3307 | D:5      | Reached skill level 7 in Unarmed Combat
  3397 | D:5      | Reached XP level 8. HP: 79/79 MP: 7/7
  3745 | D:5      | Found a shimmering blue altar of Sif Muna.
  3817 | D:5      | Reached skill level 8 in Unarmed Combat
  3998 | D:6      | Reached skill level 5 in Fighting
  4177 | D:6      | Reached skill level 9 in Unarmed Combat
  4554 | D:6      | Reached XP level 9. HP: 82/88 MP: 8/8
  4881 | D:6      | Reached skill level 10 in Unarmed Combat
  5412 | D:7      | Found a staircase to the Ecumenical Temple.
  5887 | D:7      | Reached skill level 11 in Unarmed Combat
  6114 | D:8      | Found Ucarotz's Antique Armour Shop.
  6429 | D:8      | Noticed Joseph
  6445 | D:8      | Killed Joseph
  6446 | D:8      | Reached skill level 5 in Dodging
  6446 | D:8      | Reached XP level 10. HP: 57/96 MP: 6/9
  6527 | D:8      | Bought an emerald potion for 24 gold pieces
  6527 | D:8      | Bought a scroll labelled UCHUS DUOTIXT for 27 gold pieces
  6610 | D:8      | Reached skill level 5 in Throwing
  6742 | D:8      | Found Hotidedd's Magic Scroll Emporium.
  6909 | D:8      | Found Umeiligi's Antique Armour Shop.
  7002 | D:8      | Found a staircase to the Lair.
  7506 | D:9      | Noticed Maurice
  7513 | D:9      | Killed Maurice
  7575 | D:9      | Noticed a two-headed ogre
  7762 | D:9      | Killed a two-headed ogre
  8222 | D:10     | Entered Level 10 of the Dungeon
  8407 | D:9      | Reached XP level 11. HP: 80/104 MP: 7/10
  9022 | D:10     | Found Iromoyk's General Store.
  9118 | D:10     | Found a staircase to the Orcish Mines.
  9125 | Orc:1    | Entered Level 1 of the Orcish Mines
  9125 | Orc:1    | Noticed an orc sorcerer
  9126 | Orc:1    | Noticed an orc sorcerer
  9165 | Orc:1    | Noticed a sun demon
  9169 | D:10     | Killed an orc sorcerer
  9284 | D:10     | Killed an orc sorcerer
  9474 | Orc:1    | Reached skill level 12 in Unarmed Combat
  9854 | Orc:2    | Entered Level 2 of the Orcish Mines
  9962 | Orc:2    | Found a staircase to the Elven Halls.
  9968 | Orc:2    | Found Giqaot's Armour Boutique.
 10026 | Orc:2    | Noticed an orc warlord
 10336 | Orc:1    | Killed an orc warlord
 10591 | Orc:2    | Noticed an orc sorcerer
 10597 | Orc:2    | Noticed an orc high priest
 10598 | Orc:2    | Killed an orc sorcerer
 10787 | Orc:2    | Killed an orc high priest
 10817 | Orc:2    | Noticed an orc knight
 10895 | Orc:1    | Killed an orc knight
 10909 | Orc:2    | Noticed an orc knight
 11061 | Orc:1    | Killed an orc knight
 11062 | Orc:1    | Reached skill level 13 in Unarmed Combat
 11120 | Orc:2    | Noticed an orc sorcerer
 11136 | Orc:2    | Killed an orc sorcerer
 11137 | Orc:2    | Reached XP level 12. HP: 117/119 MP: 9/11
 11203 | Orc:2    | Paralysed by an orc sorcerer for 5 turns
 11322 | Orc:2    | Noticed an orc high priest
 11343 | Orc:2    | Killed an orc high priest
 11365 | Orc:2    | Noticed an orc high priest
 11538 | Orc:2    | Killed an orc high priest
 12224 | Orc:2    | Found Olytwos's Antique Armour Emporium.
 12238 | Orc:2    | Found Xapiagiz's General Store.
 12238 | Orc:2    | Found Qyiro's Jewellery Shoppe.
 12240 | Orc:2    | Found Pexays's Antique Weapon Emporium.
 12256 | Orc:2    | Bought a +2 cloak of willpower for 279 gold pieces
 12693 | Lair:1   | Entered Level 1 of the Lair of Beasts
 13015 | Lair:1   | Reached skill level 1 in Shields
 13663 | Lair:1   | Found a blossoming altar of Fedhas.
 14370 | Lair:2   | Found a staircase to the Snake Pit.
 14561 | Lair:2   | Noticed a boulder beetle
 14575 | Lair:2   | Killed a boulder beetle
 14576 | Lair:2   | Reached skill level 10 in Fighting
 14576 | Lair:2   | Reached XP level 13. HP: 92/133 MP: 7/12
 14793 | Lair:2   | Reached skill level 5 in Shields
 15326 | Lair:3   | Found a staircase to the Shoals.
 15707 | Lair:3   | You fall into a shaft and drop 1 floor!
 15800 | Lair:4   | Found a dark tunnel.
 15809 | Volcano  | Entered a volcano
 17196 | Lair:4   | Reached skill level 1 in Earth Magic
 17898 | Lair:5   | Noticed Rupert
 17991 | Lair:6   | Entered Level 6 of the Lair of Beasts
 18101 | Lair:6   | Bought a +1 kite shield of protection for 231 gold pieces
 18404 | Lair:6   | Reached XP level 14. HP: 87/143 MP: 8/13
 19617 | Lair:5   | Reached skill level 5 in Earth Magic
 19838 | Lair:5   | Found a staircase to the Slime Pits.
 21350 | D:12     | Identified the ring "Joolauf" {Wiz Drain rElec rCorr Str-2}
 21641 | D:12     | Reached skill level 1 in Transmutations
 22287 | D:13     | Noticed Sonja
 22288 | D:13     | Reached skill level 10 in Dodging
 22304 | D:13     | Killed Sonja
 22524 | D:13     | Reached skill level 14 in Unarmed Combat
 22636 | D:13     | Noticed a fire giant
 22646 | D:13     | Reached XP level 15. HP: 136/149 MP: 12/14
 22655 | D:13     | Killed a fire giant
 22839 | D:13     | Identified the +1 ring mail of Boegeil {rElec rPois Str+4}
 23036 | D:13     | Found a gate to the Vaults.
 23723 | D:14     | Noticed Louise
 23760 | D:14     | Cast into level 3 of the Abyss (Louise)
 23990 | Abyss:3  | Reached skill level 5 in Transmutations
 24036 | Abyss:3  | Gained mutation: Your spells are a little easier to cast,
                  | but a little less powerful. [a neqoxec]
 24038 | Abyss:3  | HP: 6/149 [neqoxec (4)]
 24407 | Abyss:4  | Noticed a bone dragon
 24425 | Abyss:4  | Noticed a tentacled starspawn
 24434 | Abyss:4  | HP: 5/149 [spatial maelstrom (14)]
 24436 | Abyss:4  | Slain by a tentacled starspawn

Illustrated notes

Levels and vault maps discovered:
D:1:      roderic_chinese_lattice_arrival, layout_basic,
          shapermc_ecumenical_altar_mp_ritualfount, chequers_arboretum
D:2:      layout_basic, serial_shops, shop, uniq_sigmund, uniq_jessica
D:3:      layout_basic, gammafunk_temple_overflow_forgotten,
          minmay_parallelograms, kennysheep_big_empty_room, uniq_terence
D:4:      layout_cave_pools
D:5:      layout_basic, kennysheep_mini, serial_shops,
          nicolae_shop_competitors_out_of_business, uniq_blork_the_orc
D:6:      layout_basic, grunt_decor_junction, hangedman_decor_lopped
D:7:      layout_loops_ring, minmay_temple_entry_proselytizer, centaur_isle
D:8:      layout_loops_corners, david_lair_shrubbed, serial_shops,
          kennysheep_mini_moat, shop, shop, uniq_joseph
D:9:      layout_basic, chequers_serial_rivers_micro_e, uniq_maurice
D:10:     layout_big_octagon, orc_0_dummy, serial_shops, shop,
          minmay_crystal_water, serial_bayou_crossing
D:11:     layout_rooms
D:12:     layout_irregular_city, grunt_decor_arrowhead, hangedman_decor_opposing
D:13:     evilmike_horseshoe, layout_irregular_city, david_vaults_4, uniq_sonja
D:14:     layout_loops_cross, okawaru_trees_2, serial_shops,
          kennysheep_little_box, chequers_serial_rivers_large_a,
          kennysheep_cross_bottleneck, hangedman_decor_riveting, uniq_louise
Lair:1:   layout_gridlike, serial_bayou_lagoon_a, tgw_fedhas
Lair:2:   layout_loops_ring, minmay_snake_entry_six_corridors
Lair:3:   layout_chaotic_city, shoals_dummy_entry
Lair:4:   layout_gridlike, nicolae_volcano_entry_vermiform, grunt_megastairs_2
Lair:5:   layout_cave_pods, minmay_slime_entry_pillars, lemuel_fruit_fields,
          lemuel_fruit_tree, uniq_rupert
Lair:6:   grunt_lair_end_beastmaster, layout_long_grid
Orc:1:    layout_caves
Orc:2:    st_orc_congregation, layout_caves, basic_altar, serial_shops,
          nicolae_shop_trees
Abyss:4:  base: Lair:5, dshaligram_kb_abyss_rune_zappy_water_cross,
          bh_abyss_exit_choice

Skill      XL: |  1  2  3  4  5  6  7  8  9 10 11 12 13 14 15 |
---------------+----------------------------------------------+-----
Unarmed Combat | 1 4 6 7 9 11 13 14 | 14.6
Fighting       | 2 3 4 5 7 10 | 10.0
Dodging        | 2 5 6 10 | 10.0
Throwing       | 9 |  9.7
Shields        | 4 9 |  9.0
Earth Magic    | 3 5 |  5.6
Transmutations | 3 5 |  5.0
Stealth        | |  0.3

Action                   |  1- 3 |  4- 6 |  7- 9 | 10-12 | 13-15 || total
-------------------------+-------+-------+-------+-------+-------++-------
Melee: Unarmed           |    46 |   151 |   245 |   740 |  1061 ||  2243
       Punch             |       |     2 |    10 |    14 |       ||    26
Throw: Large rock        |     3 |     1 |       |     9 |    47 ||    60
       Throwing net      |       |       |       |     2 |       ||     2
       Dart              |       |       |       |    55 |     4 ||    59
       Boomerang         |       |       |       |       |     3 ||     3
       Javelin           |       |       |       |       |    11 ||    11
Invok: Call Merchant     |       |       |       |     3 |     2 ||     5
       Potion Petition   |       |       |       |       |     2 ||     2
Evoke: Wand              |       |       |     3 |     5 |     2 ||    10
       Box of beasts     |       |       |       |     1 |       ||     1
  Use: Scroll            |       |     1 |     7 |     7 |    16 ||    31
       Potion            |       |       |     2 |       |     7 ||     9
 Stab: Sleeping          |       |     2 |     1 |       |       ||     3
       Distracted        |       |     1 |       |     2 |     5 ||     8
       Held in net/web   |       |       |       |     1 |       ||     1
       Invisible         |       |       |       |       |     2 ||     2
Armor: Robe              |    16 |    42 |    99 |   170 |   224 ||   551
Dodge: Dodged            |    33 |    48 |   147 |   337 |   409 ||   974
Block: Kite shield       |       |       |       |   150 |   543 ||   693

Table legend: (Time is in decaauts)
 A = Elapsed time spent in this place.
 B = Non-inter-level travel time spent in this place.
 C = Inter-level travel time spent in this place.
 D = Time resting spent in this place.
 E = Time spent auto-exploring this place.
 F = Levels seen in this place.
 G = Mean time per level.
                   A        B        C        D        E       F      G
               +--------+--------+--------+--------+--------+-----+--------+
         Total |  24148 |  23075 |   1073 |   1821 |  15439 |  25 |  965.9 |
       Dungeon |  12855 |  12170 |    685 |    507 |   9087 |  14 |  918.2 |
          Lair |   7006 |   6692 |    314 |     68 |   5106 |   6 | 1167.7 |
  Orcish Mines |   3203 |   3129 |     74 |    598 |   1150 |   2 | 1601.5 |
         Abyss |    659 |    659 |      0 |    433 |     24 |   2 |  329.5 |
       Volcano |    423 |    423 |      0 |    215 |     71 |   1 |  423.0 |
               +--------+--------+--------+--------+--------+-----+--------+

Top non-repeatable levels by time:
   Orc:1: 1702 daAuts
   Orc:2: 1500 daAuts
  Lair:6: 1427 daAuts
     D:9: 1409 daAuts
  Lair:4: 1375 daAuts
  Lair:1: 1324 daAuts
     D:8: 1311 daAuts
    D:13: 1286 daAuts
    D:10: 1170 daAuts
  Lair:2: 1058 daAuts
     D:7: 1038 daAuts
  Lair:5: 951 daAuts
     D:6: 924 daAuts
     D:5: 901 daAuts
  Lair:3: 869 daAuts
